 Dungeon Crawl Stone Soup version 0.26-a0-346-g33516b1736 (webtiles) character file.

Game seed: 6902432036713097553

231362 harlaan the Warrior (level 18, -1/169 HPs)
             Began as a Palentonga Fighter on July 17, 2020.
             Was a Priest of Qazlal.
             Slain by a wolf spider (7 damage)
             ... on level 4 of the Spider Nest.
             The game lasted 02:40:57 (48769 turns).

harlaan the Warrior (Palentonga Fighter)           Turns: 48769, Time: 02:40:59

Health: -1/169     AC: 20    Str: 31    XL:     18   Next: 79%
Magic:  18/27      EV:  3    Int: 16    God:    Qazlal [***...]
Gold:   2989       SH: 24    Dex: 13    Spells: 17/17 levels left

rFire    + . .     SeeInvis +   H - +12 long sword "Fymod" {vorpal, rF+ Dex+3 SInv}
rCold    . . .     Faith    +   N - +0 tower shield {AC+3}
rNeg     . . .     Spirit   .   k - +2 plate armour {rPois}
rPois    +         Reflect  .   s - +1 helmet {SInv}
rElec    .         Harm     .   E - +1 cloak {rPois}
rCorr    .         Rnd*Tele +   o - +2 pair of gloves
MR       +....                  b - +0 barding
Stlth    ..........             B - amulet of faith
HPRegen  0.38/turn              Y - ring of Ostol {Str+7 Int+6 SInv}
MPRegen  0.20/turn              G - ring of flight

@: lethally poisoned (-1 -> -40), protected from physical damage, corroded, very
slightly contaminated, invisible
A: large, rugged brown scales 3, see invisible, deformed body, deterioration 1,
poison resistance, teleportitis 1, weak 1, roll, armoured tail
}: 1/15 runes: decaying
a: Rolling Charge, Upheaval, Elemental Force, Renounce Religion, Evoke Flight


You were on level 4 of the Spider Nest.
You worshipped Qazlal.
Qazlal was most pleased with you.
You visited 6 branches of the dungeon, and saw 32 of its levels.
You also visited: Ossuary, Bailey, Gauntlet and Ice Cave.

You collected 3798 gold pieces.
You spent 809 gold pieces at shops.

Inventory:

Hand Weapons
 n - the +7 executioner's axe "Kiwyics" {antimagic, *Rage rC+ Int+7}
   (You took it off an orc knight on level 2 of the Orcish Mines)

   It reduces the magical energy of the wielder, and disrupts the spells and
   magical abilities of those hit.
   Natural abilities and divine invocations are not affected.
   It affects your intelligence (+7).
   It protects you from cold.
   It may make you go berserk in combat.
 H - the +12 long sword "Fymod" (weapon) {vorpal, rF+ Dex+3 SInv}
   (You found it in a bailey)

   It inflicts extra damage upon your enemies.
   It affects your dexterity (+3).
   It protects you from fire.
   It lets you see invisible.
Armour
 b - a +0 barding (worn)
 k - a +2 plate armour of poison resistance (worn)
 o - a +2 pair of gloves (worn)
 q - the +8 chain mail of Tul Cyh {rC+ rN+ Str+2 Dex+3}
   (You found it on level 14 of the Dungeon)

   It affects your strength (+2).
   It affects your dexterity (+3).
   It protects you from cold.
   It protects you from negative energy.
 s - a +1 helmet of see invisible (worn)
 E - a +1 cloak of poison resistance (worn)
 F - a +3 chain mail of fire resistance
 M - the +3 warlock's mirror {reflect}
   (You found it on level 11 of the Dungeon)
 N - a +0 tower shield of protection (worn)
 Q - the +1 chain mail of Fallacy {rCorr Int+3 Dex+4}
   (You found it on level 9 of the Dungeon)

   It affects your intelligence (+3).
   It affects your dexterity (+4).
   It provides partial protection from all sources of acid and corrosion.
Jewellery
 g - an uncursed ring of positive energy
 t - an uncursed ring of resist corrosion
 z - a +4 ring of evasion
 B - an amulet of faith (around neck)
 C - an uncursed amulet of guardian spirit
 G - a ring of flight (right hand)
 J - an uncursed ring of protection from magic
 U - an uncursed ring of protection from fire
 Y - the ring of Ostol (left hand) {Str+7 Int+6 SInv}
   (You found it on level 12 of the Dungeon)

   [ring of see invisible]

   It affects your strength (+7).
   It affects your intelligence (+6).
   It lets you see invisible.
Wands
 c - a wand of flame (22)
 i - a wand of digging (11)
 p - a wand of clouds (14)
 D - a wand of iceblast (59)
 K - a wand of paralysis (41)
 P - a wand of acid (12)
 R - a wand of disintegration (22)
 S - a wand of enslavement (33)
Scrolls
 e - 2 scrolls of fear
 f - 15 scrolls of teleportation
 h - 19 scrolls of identify
 m - 16 scrolls of remove curse
 u - 5 scrolls of enchant weapon
 v - a scroll of summoning {unknown}
 w - 6 scrolls of blinking
 x - 5 scrolls of fog
 A - 7 scrolls of enchant armour
 X - 2 scrolls of silence
 Z - 5 scrolls of magic mapping
Potions
 a - 4 potions of ambrosia
 d - a potion of heal wounds
 j - 2 potions of resistance
 r - 3 potions of curing
 I - 3 potions of might
 L - 6 potions of haste
 V - a potion of berserk rage
 W - a potion of invisibility
Miscellaneous
 l - a tin of tremorstones (3/3)
 y - a phial of floods


   Skills:
 + Level 18.6 Fighting
 - Level 14.0 Long Blades
 - Level 10.0 Axes
 + Level 12.5 Armour
 + Level 11.0 Shields
 - Level 12.0 Invocations
 + Level 8.5 Evocations


You had 17 spell levels left.
You didn't know any spells.
Your spell library contained the following spells:

 Spells                   Type           Power        Failure   Level
 Beastly Appendage        Tmut           #.....       98%         1
 Corona                   Hex            #......      98%         1
 Freeze                   Ice            #...         98%         1
 Sting                    Tmut/Pois      #...         98%         1
 Blink                    Tloc           N/A          99%         2
 Corpse Rot               Necr/Air       N/A          99%         2
 Ensorcelled Hibernation  Hex/Ice        #.....       99%         2
 Poisonous Vapours        Pois/Air       #.....       99%         2
 Sublimation of Blood     Necr           #.........   99%         2
 Wereblood                Tmut           #.......     99%         2
 Confusing Touch          Hex            #.......     100%        3
 Dazzling Flash           Conj/Hex       #.....       100%        3
 Frozen Ramparts          Ice            #.....       100%        3
 Gell's Gravitas          Tloc           #.........   100%        3
 Ignite Poison            Fire/Tmut/Pois #.......     100%        3
 Lesser Beckoning         Tloc           #.........   100%        3
 Mephitic Cloud           Conj/Pois/Air  #.......     100%        3
 Ozocubu's Armour         Ice            #.......     100%        3
 Portal Projectile        Hex/Tloc       #.....       100%        3
 Spider Form              Tmut/Pois      #.........   100%        3
 Teleport Other           Tloc           #.......     100%        3
 Tukima's Dance           Hex            #.......     100%        3
 Hailstorm                Conj/Ice       #.......     100%        4
 Ice Form                 Ice/Tmut       #.......     100%        4
 Leda's Liquefaction      Hex/Erth       #.........   100%        4
 Olgreb's Toxic Radiance  Pois           #.......     100%        4
 Passage of Golubria      Tloc           N/A          100%        4
 Petrify                  Tmut/Erth      #.......     100%        4
 Summon Ice Beast         Ice/Summ       #.......     100%        4
 Summon Lightning Spire   Summ/Air       #.......     100%        4
 Alistair's Intoxication  Tmut/Pois      #.......     100%        5
 Blade Hands              Tmut           #.........   100%        5
 Bolt of Magma            Conj/Fire/Erth #.........   100%        5
 Irradiate                Conj/Tmut      #.........   100%        5
 Iskenderun's Battlesphe  Conj           #.......     100%        5
 Silence                  Hex/Air        #.........   100%        5
 Dispersal                Tloc           #.........   100%        6
 Eringya's Noxious Bog    Tmut/Pois      #.........   100%        6
 Iron Shot                Conj/Erth      #.........   100%        6
 Statue Form              Tmut/Erth      #........    100%        6
 Orb of Destruction       Conj           #.........   100%        7
 Spellforged Servitor     Conj/Summ      #.........   100%        7
 Summon Hydra             Summ           #.........   100%        7
 Controlled Blink         Tloc           N/A          100%        8
 Disjunction              Tloc           #.........   100%        8
 Shatter                  Erth           #.........   100%        9


Dungeon Overview and Level Annotations

Branches:
Dungeon (15/15)            Temple (1/1) D:6            Lair (6/6) D:10
  Swamp (4/4) Lair:3       Spider (4/4) Lair:4        Slime (0/5) Lair:5
    Orc (2/2) D:10            Elf (0/3) Orc:2        Vaults (0/5) D:14
 Depths (0/5) D:15        Ossuary (visited)          Bailey (visited)
  IceCv (visited)         Gauntlet (visited)

Altars:
Ashenzari
Cheibriados
Dithmenos
Elyvilon
Fedhas
Gozag
Hepliaklqana
Kikubaaqudgha
Makhleb
Nemelex Xobeh
Okawaru
Qazlal
Ru
Sif Muna
Trog
Uskayaw
Vehumet
Wu Jian
Xom
Yredelemnul
Zin
The Shining One
Beogh
Jiyva

Shops:
D:13 !   Orc:1 ?   Orc:2 ([([

Annotations:
D:5 Blork the orc
D:6 3 runed translucent doors, deyja's ghost, novice GrFi
Orc:1 1 runed translucent door, Vruhak's ghost, journeyman MiFi


Innate Abilities, Weirdness & Mutations

You are completely covered in rugged brown scales. (AC +3, +7% HP)
You have supernaturally acute eyesight. (SInv)
Armour fits poorly on your strangely shaped body.
You can roll at foes to attack.
You have a long armoured tail.
Your body sometimes deteriorates upon taking damage.
Your system is resistant to poisons. (rPois)
You are occasionally teleported next to monsters.
You are weak. (Str -2)


Message History

The wolf spider is almost dead.
The wolf spider hits you but does no damage.
The wolf spider bites you but does no damage.
The wolf spider hits you but does no damage.
You block the wolf spider's attack. You block the redback's attack.
Unknown command.
You feel much better.
A redback comes into view.
The wolf spider barely misses you.
You riposte.
You hit the wolf spider but do no damage.
The wolf spider is almost dead.
You block the wolf spider's attack. The redback bites you!
* * * LOW HITPOINT WARNING * * *
You are lethally poisoned!
The redback poisons you!
The wolf spider hits you but does no damage.
You block the wolf spider's attack. The wolf spider hits you!
* * * LOW HITPOINT WARNING * * *
The wolf spider bites you!
You die...

....... .......
.^.......#........
.........#^.......
.........#........
..................
..................
..........††......
.#....(☼○.........
^......@°.<.......
......sss.†.†.....
..................
......?...........
..................
.............?....
........s.........
..................


You could see 2 wolf spiders and 2 redbacks.

Vanquished Creatures
  Nikola (Swamp:3)
  Jorgrun (Swamp:3)
  A tentacled monstrosity (Swamp:4)
  An acid blob (Lair:5)
  Kirke (Swamp:1)
  The ghost of ohados the Severer, an adept DDFi of Makhleb (Spider:2)
  Agnes (D:15)
  2 thorn hunters
  A ghost moth (Spider:2)
  Louise (D:14)
  Aizul (Swamp:3)
  An orc warlord (Orc:1)
  2 emperor scorpions
  2 stone giants
  3 entropy weavers
  A minotaur (Gauntlet)
  2 spark wasps (Spider:2)
  The ghost of niknal the Eclecticist, a journeyman SpNe of Vehumet (Orc:2)
  Erolcha (D:9)
  8 vault guards
  A yaktaur captain (D:14)
  2 ghost crabs (Swamp:3)
  27 hydras
  An ice dragon (D:14)
  4 shambling mangroves
  4 centaur warriors
  6 two-headed ogres
  2 tengu warriors
  23 alligators
  7 orc high priests
  Sonja (Orc:1)
  A sixfirhy (Gauntlet)
  13 skeletal warriors
  An unseen horror (D:14)
  10 wizards
  A flayed ghost (D:15)
  4 spriggan druids
  An orange crystal statue (Gauntlet)
  2 necromancers
  A deep elf archer (D:14)
  9 swamp dragons
  3 deep elf magi
  An orc sorcerer (Orc:2)
  4 orc knights
  9 orb spiders
  2 oklob plants (Lair:4)
  33 wolf spiders
  4 manticores
  14 ugly things
  A moth of wrath (Orc:2)
  2 torpor snails
  9 elephants
  3 black mambas
  3 cyclopes
  Joseph (D:10)
  Maurice (D:9)
  An ice statue (IceCv)
  A guardian serpent (shapeshifter) (D:14)
  18 cane toads
  A molten gargoyle (Lair:3)
  3 spriggan zombies (D:15)
  2 gargoyles
  An efreet (D:14)
  2 kobold demonologists (D:14)
  10 freezing wraiths (IceCv)
  12 demonic crawlers
  5 tengu conjurers
  3 rime drakes
  10 komodo dragons
  3 meliai (D:14)
  11 tyrant leeches
  8 polar bears
  7 trolls
  24 hornets
  14 slime creatures
  Grinder (D:4)
  42 jumping spiders
  21 blink frogs
  12 bog bodies
  A harpy skeleton (D:13)
  12 hippogriffs
  A dream sheep (Lair:6)
  A meliai zombie (D:13)
  3 shadows
  17 flying skulls (D:12)
  49 redbacks
  23 spriggans
  2 vampires
  38 yaks
  Eustachio (D:5)
  2 wraiths
  An ettin skeleton (D:15)
  21 tarantellas
  10 wyverns
  A fire elemental (Lair:3)
  6 hogs (Swamp:1)
  2 fire bats (Lair:3)
  A basilisk (Lair:6)
  15 vampire mosquitoes
  A death yak simulacrum (IceCv)
  12 wargs
  Menkaure (D:5)
  19 swamp worms
  An acid dragon (D:12)
  8 water moccasins
  19 insubstantial wisps
  8 porcupines
  16 swamp drakes
  4 phantoms
  2 sky beasts
  3 black bears
  25 orc warriors
  A hornet zombie (D:15)
  A tengu (shapeshifter) (D:14)
  9 ice beasts
  An alligator simulacrum (IceCv)
  A necrophage (D:8)
  14 ogres
  4 boggarts (Lair:6)
  24 wolves
  19 centaurs
  9 crocodiles
  4 big kobolds
  3 elf zombies (Ossuary)
  17 bullfrogs
  A wyvern zombie (D:15)
  2 wyvern skeletons
  5 scorpions
  10 killer bees
  7 wights
  4 electric eels
  2 howler monkeys (D:7)
  A crimson imp (D:7)
  A bullfrog zombie (D:12)
  3 draconian simulacra (IceCv)
  3 centaur zombies
  8 hounds
  5 jellies
  2 bullfrog skeletons
  4 centaur skeletons
  36 orc priests
  An iguana (D:10)
  21 orc wizards
  8 worker ants
  4 hell rats (Lair:6)
  6 troll simulacra (IceCv)
  A spriggan simulacrum (IceCv)
  A wolf simulacrum (IceCv)
  A polar bear simulacrum (IceCv)
  4 centaur simulacra
  2 hound skeletons
  2 mummies (Ossuary)
  A gnoll (Bailey)
  11 adders
  3 naga simulacra (IceCv)
  4 ogre simulacra (IceCv)
  2 shadow imps
  13 white imps
  3 ufetubi (Gauntlet)
  3 oozes
  2 adder skeletons
  2 adder zombies (Ossuary)
  3 worms
  A dart slug (D:2)
  3 leopard geckos
  114 orcs
  11 bats
  7 giant cockroaches
  9 goblins
  4 hobgoblins
  2 jackals (D:10)
  10 quokkas
  A frilled lizard (D:1)
  A goblin zombie (Ossuary)
  10 hobgoblin zombies (Ossuary)
  2 jackal zombies (Ossuary)
  38 kobolds
  7 kobold zombies (Ossuary)
  A leopard gecko skeleton (D:5)
  A leopard gecko zombie (D:5)
  10 orc zombies (Ossuary)
  3 rats
  A rat zombie (Ossuary)
  4 briar patches (Swamp:3)
  A fire vortex (Lair:3)
  5 fungi
  A plant (Lair:4)
1328 creatures vanquished.

Vanquished Creatures (collateral kills)
  Rupert (Lair:5)
  3 elephants (Lair:3)
  3 blink frogs (Lair:3)
  3 yaks (Lair:2)
  2 water moccasins
12 creatures vanquished.

Vanquished Creatures (others)
  A jumping spider (Spider:1)
  A hornet (Lair:6)
  A swamp drake (Swamp:4)
  A wyvern simulacrum (D:14)
  2 kobolds
  A briar patch (Swamp:3)
  5 fungi
  3 plants
  A withered plant (D:15)
16 creatures vanquished.

Grand Total: 1356 creatures vanquished

Notes
Turn   | Place    | Note
-------+----------+-------------------------------------------
     0 | D:1      | harlaan the Palentonga Fighter began the quest for the Orb.
     0 | D:1      | Reached XP level 1. HP: 19/19 MP: 1/1
   284 | D:1      | Reached XP level 2. HP: 24/25 MP: 2/2
  1364 | D:2      | Reached XP level 3. HP: 31/31 MP: 3/3
  2072 | D:3      | Reached XP level 4. HP: 37/37 MP: 4/4
  2838 | D:4      | Found a hazy altar of Hepliaklqana.
  2909 | D:4      | Reached XP level 5. HP: 42/44 MP: 5/5
  3033 | D:4      | Noticed Grinder
  3034 | D:4      | Paralysed by Grinder for 3 turns
  3049 | D:4      | Killed Grinder
  3049 | D:4      | Reached skill level 4 in Fighting
  3049 | D:4      | Reached XP level 6. HP: 14/52 MP: 6/6
  3487 | D:4      | Found a white marble altar of Elyvilon.
  3507 | D:4      | Found a sparkling altar of Nemelex Xobeh.
  3508 | D:4      | Found a shimmering blue altar of Sif Muna.
  3810 | D:5      | Entered Level 5 of the Dungeon
  4106 | D:5      | Noticed Blork the orc
  4108 | D:5      | Noticed Menkaure
  4334 | D:5      | Reached XP level 7. HP: 55/58 MP: 7/7
  4530 | D:5      | Killed Menkaure
  4530 | D:5      | Reached skill level 5 in Fighting
  4866 | D:5      | Noticed Eustachio
  4937 | D:5      | Killed Eustachio
  4994 | D:5      | Reached skill level 5 in Axes
  5098 | D:5      | Found an iron altar of Okawaru.
  5180 | D:5      | Reached XP level 8. HP: 54/66 MP: 8/8
  5667 | D:6      | Found a sand-covered staircase.
  5681 | Ossuary  | Entered an ossuary
  6132 | D:6      | Reached skill level 6 in Fighting
  6132 | D:6      | Reached skill level 5 in Shields
  6229 | D:6      | Reached skill level 5 in Armour
  6432 | D:6      | Found a runed translucent gate.
  6433 | D:6      | Found a runed translucent gate.
  6434 | D:6      | Found a runed translucent gate.
  6435 | D:6      | Noticed deyja's ghost (novice GrFi)
  6497 | D:6      | Found a staircase to the Ecumenical Temple.
  6617 | Temple   | Entered the Ecumenical Temple
  6707 | Temple   | Became a worshipper of Qazlal Stormbringer
  7157 | D:7      | Found a flagged portal.
  7167 | D:7      | Reached XP level 9. HP: 62/73 MP: 9/9
  7234 | Bailey   | Entered a bailey
  7693 | Bailey   | Found an iron altar of Okawaru.
  7737 | Bailey   | Got a masterwork long sword
  7737 | Bailey   | Identified the +12 long sword "Fymod" {vorpal, rF+ Dex+3
                  | SInv} (You found it in a bailey)
  7890 | D:7      | Reached * piety under Qazlal
  8168 | D:7      | Reached skill level 7 in Fighting
  8334 | D:7      | Found a burning altar of Makhleb.
  8334 | D:7      | Found a radiant altar of Vehumet.
  8923 | D:8      | Found a glowing silver altar of Zin.
  8923 | D:8      | Found a basalt altar of Yredelemnul.
  8924 | D:8      | Found a hide-covered altar of Uskayaw.
  9009 | D:8      | Found an ornate altar of the Wu Jian Council.
  9081 | D:8      | Reached ** piety under Qazlal
  9307 | D:9      | Reached XP level 10. HP: 73/85 MP: 10/10
  9392 | D:9      | Noticed Erolcha
  9404 | D:9      | Killed Erolcha
  9404 | D:9      | Reached skill level 8 in Fighting
  9695 | D:9      | Noticed Maurice
  9846 | D:9      | Killed Maurice
 10450 | D:9      | Got a brightly glowing chain mail
 10518 | D:10     | Entered Level 10 of the Dungeon
 10570 | D:10     | Found a staircase to the Orcish Mines.
 10628 | D:10     | Reached skill level 9 in Fighting
 10850 | D:10     | Found a roughly hewn altar of Beogh.
 10893 | D:10     | Reached *** piety under Qazlal
 11104 | D:10     | Found a staircase to the Lair.
 11170 | D:10     | Found a sacrificial altar of Ru.
 11177 | D:10     | Noticed Joseph
 11194 | D:10     | Killed Joseph
 11194 | D:10     | Reached XP level 11. HP: 85/95 MP: 11/11
 11203 | D:10     | Paralysed by a hornet for 1 turns
 11603 | D:11     | Noticed a two-headed ogre
 11615 | D:11     | Killed a two-headed ogre
 12314 | D:11     | Noticed a wizard
 12871 | D:11     | Killed a wizard
 12944 | D:11     | Found the +3 warlock's mirror {reflect}
 12963 | D:11     | Noticed a wizard
 12975 | D:11     | Killed a wizard
 13009 | D:11     | Noticed a wizard
 13212 | D:10     | Killed a wizard
 13654 | D:11     | Noticed a wizard
 13665 | D:11     | Killed a wizard
 13665 | D:11     | Reached skill level 10 in Fighting
 13705 | D:11     | Noticed a wizard
 13714 | D:11     | Killed a wizard
 13714 | D:11     | Noticed a wizard
 13715 | D:11     | Reached **** piety under Qazlal
 13720 | D:11     | Killed a wizard
 13853 | D:11     | Noticed a wizard
 13861 | D:11     | Killed a wizard
 14408 | D:12     | Noticed a two-headed ogre
 14426 | D:12     | Killed a two-headed ogre
 14426 | D:12     | Reached skill level 10 in Axes
 14579 | D:12     | Reached XP level 12. HP: 104/104 MP: 12/12
 14603 | D:12     | Reached skill level 1 in Long Blades
 14674 | D:12     | Found the +3 giant club "Skullcrusher" {speed, Str+7}
 15342 | D:12     | Got a serpentine marble ring
 15674 | D:12     | Reached skill level 5 in Long Blades
 15841 | D:12     | Identified the +1 chain mail of Fallacy {rCorr Int+3 Dex+4}
                  | (You found it on level 9 of the Dungeon)
 15884 | D:12     | Identified the ring of Ostol {Str+7 Int+6 SInv} (You found
                  | it on level 12 of the Dungeon)
 16288 | D:13     | Noticed a centaur warrior
 16299 | D:13     | Reached ***** piety under Qazlal
 16307 | D:13     | Killed a centaur warrior
 16307 | D:13     | Reached skill level 11 in Fighting
 16354 | D:13     | Noticed a centaur warrior
 16357 | D:13     | Killed a centaur warrior
 16372 | D:13     | Noticed a two-headed ogre
 16384 | D:13     | Killed a two-headed ogre
 16450 | D:13     | Found Maritz's Distillery.
 16656 | D:13     | Reached XP level 13. HP: 110/113 MP: 13/13
 18261 | D:13     | Reached skill level 10 in Shields
 18387 | D:14     | Reached skill level 10 in Armour
 18517 | D:14     | Found a frozen archway.
 18745 | IceCv    | Entered an ice cave
 19551 | IceCv    | HP: 5/114 [freezing wraith (1)]
 20439 | IceCv    | Found an ancient bone altar of Kikubaaqudgha.
 20524 | IceCv    | Reached skill level 12 in Fighting
 20701 | D:14     | Noticed Louise
 20710 | D:14     | Reached skill level 1 in Invocations
 21031 | D:14     | Found a gate to the Vaults.
 21325 | D:13     | Reached XP level 14. HP: 86/123 MP: 15/15
 21337 | D:13     | Reached skill level 10 in Long Blades
 22196 | D:14     | Killed Louise
 22793 | D:14     | Got a twisted chain mail
 22803 | D:14     | Identified the +8 chain mail of Tul Cyh {rC+ rN+ Str+2
                  | Dex+3} (You found it on level 14 of the Dungeon)
 22977 | D:15     | Entered Level 15 of the Dungeon
 22978 | D:15     | Noticed Agnes
 22995 | D:15     | Killed Agnes
 23387 | D:15     | Found a gate leading to a gauntlet.
 23392 | Gauntlet | Entered a Gauntlet
 23392 | Gauntlet | Found a transporter.
 23392 | Gauntlet | Found a transporter.
 23392 | Gauntlet | Found a runed translucent gate.
 23392 | Gauntlet | Found a runed translucent gate.
 23401 | Gauntlet | Found a runed translucent gate.
 23412 | Gauntlet | Found a transporter.
 23430 | Gauntlet | Found a transporter.
 23430 | Gauntlet | Found a transporter.
 23430 | Gauntlet | Found a transporter.
 23432 | Gauntlet | Found a transporter.
 23432 | Gauntlet | Found a transporter.
 23444 | Gauntlet | Found a transporter.
 23460 | Gauntlet | Found a transporter.
 23469 | Gauntlet | Found a transporter.
 23473 | Gauntlet | Found a runed translucent door.
 23487 | Gauntlet | Found a transporter.
 23503 | Gauntlet | Found a transporter.
 23514 | Gauntlet | Found a transporter.
 23662 | Gauntlet | Reached skill level 5 in Invocations
 23766 | Gauntlet | Gained mutation: Your body sometimes deteriorates upon
                  | taking damage. [a shining eye]
 23768 | Gauntlet | Gained mutation: You possess an exceptional clarity of
                  | mind. [a shining eye]
 23770 | Gauntlet | Gained mutation: You occasionally shout uncontrollably at
                  | your foes. [a shining eye]
 23773 | Gauntlet | Gained mutation: You are occasionally teleported next to
                  | monsters. [a shining eye]
 24236 | Gauntlet | Identified the Collected Works on Creative Flight
 24432 | D:15     | Reached skill level 13 in Fighting
 25179 | D:15     | Found a staircase to the Depths.
 25658 | D:15     | Reached XP level 15. HP: 124/132 MP: 18/20
 26174 | Lair:1   | Entered Level 1 of the Lair of Beasts
 29126 | Lair:3   | Found a staircase to the Swamp.
 29858 | Lair:4   | Found a hole to the Spider Nest.
 31277 | Lair:5   | Noticed Rupert
 31286 | Lair:5   | Killed Rupert
 31286 | Lair:5   | Reached skill level 14 in Fighting
 31514 | Lair:5   | Found a runed translucent door.
 31524 | Lair:5   | Found a viscous altar of Jiyva.
 31525 | Lair:5   | Noticed an acid blob
 31526 | Lair:5   | Found a staircase to the Slime Pits.
 31723 | Lair:5   | Killed an acid blob
 31875 | Lair:6   | Entered Level 6 of the Lair of Beasts
 32243 | Lair:6   | Reached XP level 16. HP: 143/143 MP: 23/23
 32271 | Lair:6   | Reached skill level 10 in Invocations
 32384 | Lair:6   | Identified Loadown's Compendium of Contamination and the
                  | Birds
 32805 | Lair:6   | Reached skill level 15 in Fighting
 33327 | Orc:1    | Entered Level 1 of the Orcish Mines
 33328 | Orc:1    | Found a roughly hewn altar of Beogh.
 33328 | Orc:1    | Noticed Sonja
 33330 | Orc:1    | Found Jykler's Magic Scroll Emporium.
 33334 | Orc:1    | Killed Sonja
 33422 | Orc:1    | Bought a scroll of blinking for 82 gold pieces
 33422 | Orc:1    | Bought a scroll of fear for 38 gold pieces
 33546 | Orc:1    | Found a runed translucent door.
 33546 | Orc:1    | Found a shimmering altar of Xom.
 33546 | Orc:1    | Noticed Vruhak's ghost (journeyman MiFi)
 33781 | Orc:2    | Entered Level 2 of the Orcish Mines
 34387 | Orc:2    | Lost mutation: You possess an exceptional clarity of mind.
                  | [potion of mutation]
 34387 | Orc:2    | Lost mutation: Your body sometimes deteriorates upon taking
                  | damage. [potion of mutation]
 34387 | Orc:2    | Lost mutation: You occasionally shout uncontrollably at
                  | your foes. [potion of mutation]
 34387 | Orc:2    | Gained mutation: Your spells are a little harder to cast,
                  | but a little more powerful. [potion of mutation]
 34387 | Orc:2    | Gained mutation: You are robust. (+10% HP) [potion of
                  | mutation]
 34387 | Orc:2    | Gained mutation: You expend magic power (3 MP) to
                  | strengthen your wands. [potion of mutation]
 34387 | Orc:2    | Gained mutation: Your flesh is cold resistant. (rC+)
                  | [potion of mutation]
 34388 | Orc:2    | Lost mutation: You are robust. (+10% HP) [potion of
                  | mutation]
 34388 | Orc:2    | Lost mutation: Your flesh is cold resistant. (rC+) [potion
                  | of mutation]
 34388 | Orc:2    | Lost mutation: Your spells are a little harder to cast, but
                  | a little more powerful. [potion of mutation]
 34388 | Orc:2    | Gained mutation: Your body sometimes deteriorates upon
                  | taking damage. [potion of mutation]
 34388 | Orc:2    | Gained mutation: You are robust. (+10% HP) [potion of
                  | mutation]
 34389 | Orc:2    | Lost mutation: You are robust. (+10% HP) [potion of
                  | mutation]
 34389 | Orc:2    | Lost mutation: You expend magic power (3 MP) to strengthen
                  | your wands. [potion of mutation]
 34389 | Orc:2    | Gained mutation: You are weak. (Str -2) [potion of
                  | mutation]
 34389 | Orc:2    | Gained mutation: Your system is resistant to poisons.
                  | (rPois) [potion of mutation]
 34516 | Orc:2    | Found a roughly hewn altar of Beogh.
 34603 | Orc:2    | Reached skill level 16 in Fighting
 34735 | Orc:2    | Found a transporter.
 34740 | Orc:2    | Found a transporter.
 34740 | Orc:2    | Identified the +6 glaive of Wyrd {antimagic, *Slow +Fly MR+
                  | Stlth+}
 34740 | Orc:2    | Identified the +7 executioner's axe "Kiwyics" {antimagic,
                  | *Rage rC+ Int+7}
 34744 | Orc:2    | Noticed niknal's ghost (journeyman SpNe)
 34747 | Orc:2    | Found a bloodstained altar of Trog.
 34785 | Orc:2    | Found Vowoust's Antique Weapon Shop.
 34785 | Orc:2    | Found Hepoini's Armour Shoppe.
 34798 | Orc:2    | Bought a +0 barding for 299 gold pieces
 34838 | Orc:2    | Found Doris's Antique Weapon Shop.
 34838 | Orc:2    | Found Ygenli's Antique Armour Shoppe.
 34852 | Orc:2    | Bought a runed helmet for 195 gold pieces
 34852 | Orc:2    | Bought a runed helmet for 195 gold pieces
 35148 | Orc:2    | Found a staircase to the Elven Halls.
 35496 | Orc:2    | Killed niknal's ghost
 35740 | Swamp:1  | Entered Level 1 of the Swamp
 36360 | Swamp:1  | Reached skill level 1 in Evocations
 36411 | Swamp:1  | Noticed Kirke
 36439 | Swamp:1  | Noticed a sphinx
 36441 | Swamp:1  | Killed Kirke
 36674 | Swamp:1  | Reached skill level 17 in Fighting
 38155 | Swamp:2  | Reached XP level 17. HP: 101/157 MP: 24/24
 39359 | Swamp:3  | Noticed Nikola
 39374 | Swamp:3  | Killed Nikola
 39474 | Swamp:3  | Noticed Jorgrun
 39486 | Swamp:3  | Killed Jorgrun
 39954 | Swamp:3  | Noticed Aizul
 39965 | Swamp:3  | Killed Aizul
 40407 | Swamp:4  | Entered Level 4 of the Swamp
 40445 | Swamp:3  | Reached skill level 5 in Evocations
 42911 | Swamp:4  | Noticed a tentacled monstrosity
 42917 | Swamp:4  | Killed a tentacled monstrosity
 42944 | Swamp:4  | Got a decaying rune of Zot
 43688 | Spider:1 | Entered Level 1 of the Spider Nest
 43721 | Lair:4   | Reached XP level 18. HP: 65/166 MP: 27/27
 44035 | Lair:4   | Reached skill level 18 in Fighting
 45420 | Spider:2 | Noticed ohados's ghost (adept DDFi)
 46327 | Spider:2 | Found a transporter.
 46340 | Spider:2 | Found a transporter.
 46811 | Spider:2 | Killed ohados's ghost
 48049 | Spider:4 | Entered Level 4 of the Spider Nest
 48769 | Spider:4 | HP: 6/169 [wolf spider (10)]
 48769 | Spider:4 | Slain by a wolf spider

Illustrated notes

Levels and vault maps discovered:
D:1:      scummos_arrival_checkerplants, layout_basic
D:2:      layout_basic, serial_co_window_serial, co_window_corner_a,
          co_window_paths_b, co_window_of_opportunity_a,
          co_window_of_opportunity_a, co_window_corner_a, co_window_corner_b,
          co_window_2corner, co_window_broadway_c, co_window_corner_cb,
          co_window_4corner_a, glass_columns_b
D:3:      layout_rooms
D:4:      layout_loops_ring, kennysheep_mini_moat, minitemple, uniq_grinder
D:5:      minmay_general_purpose_star, layout_basic, okawaru_gym_becter,
          uniq_blork_the_orc, uniq_menkaure, uniq_eustachio
D:6:      layout_gridville, minmay_temple_entry_enclosed_plants,
          ebering_ghost_rock_garden, nicolae_ossuary_entry_false_entrances,
          minmay_increasing_density
D:7:      layout_rooms, grunt_temple_overflow_lords_of_destruction,
          enter_bailey_2
D:8:      layout_basic, gammafunk_temple_overflow_claw, lemuel_crystal_altar,
          nrook_mini_vaults, minmay_misc_feat_ornament, minmay_misc_feat_room,
          dk_noncrumbling_2
D:9:      layout_roguey, water_boxes_lemuel, uniq_erolcha, uniq_maurice
D:10:     layout_roguey [special_room_orc], lair_entry_dummy, orc_0_dummy,
          nicolae_ru_awakened_eye, uniq_joseph
D:11:     minmay_smoke_and_mirrors, layout_cave_pools, skrybe_limestone_x
D:12:     layout_gridville, minmay_guarded_unrand_skullcrusher
D:13:     layout_loops_ring, serial_shops, shop
D:14:     minmay_stepped, layout_small_grid, erik_vaults_2,
          portal_ice_cave_entry_animals_and_master, uniq_louise
D:15:     gammafunk_depths_entry_grave, layout_irregular_city,
          gauntlet_entry_generic, chequers_avenue, uniq_agnes
Temple:   hc_temple_tempest_star
Lair:1:   layout_cave_pods, infiniplex_staircase_pool_2
Lair:2:   layout_regular_city, chequers_serial_rivers_small_3,
          grunt_megastairs_2
Lair:3:   layout_gridlike, nicolae_swamp_entry_splash_gauntlet, minivault_11
Lair:4:   layout_gridlike, nicolae_spider_entry_tight_spaces,
          minmay_lair_oklob_chamber
Lair:5:   layout_cave_shapes, slime_altar_2, grunt_forest_stairs_clearing,
          uniq_rupert
Lair:6:   minmay_lair_end_enchanted_forest, layout_regular_city
Swamp:1:  layout_basic_swamp, evilmike_swamp_ruin_house_2, swamp_pool2,
          uniq_kirke
Swamp:2:  layout_basic_swamp, evilmike_swamp_ruin_house_6
Swamp:3:  layout_basic_swamp, evilmike_swamp_ruin_rubble_1, swamp_pool3,
          hangedman_swamp_blocks, uniq_jorgrun, uniq_aizul, uniq_nikola
Swamp:4:  swamp, layout_basic_swamp
Spider:1: layout_spider_delve, hangedman_spider_tarantella_strand
Spider:2: layout_chambers, gammafunk_ghost_arena, nicolae_spider_cling_halls
Spider:3: layout_spider_delve, einodemon_crawler_minivault
Spider:4: grunt_spider_rune_parallel
Orc:1:    layout_caves, ebering_ghost_xom, basic_altar, serial_shops, shop,
          abandoned_shop, statue_in_the_mist_lemuel, uniq_sonja
Orc:2:    st_orc_town, layout_caves, gammafunk_ghost_wrathful_warriors

Skill      XL: |  1  2  3  4  5  6  7  8  9 10 11 12 13 14 15 16 17 18 |
---------------+-------------------------------------------------------+-----
Shields        | 3 4 5 6 7 8 9 10 11 | 11.0
Armour         | 3 4 5 6 7 8 9 10 11 12 | 12.5
Axes           | 3 4 5 7 8 10 | 10.0
Fighting       | 4 5 6 7 9 10 11 12 13 14 17 18 | 18.6
Long Blades    | 6 9 12 14 | 14.0
Invocations    | 2 6 9 10 12 | 12.0
Evocations     | 2 6 8 |  8.5

Action                   |  1- 3 |  4- 6 |  7- 9 | 10-12 | 13-15 | 16-18 || total
-------------------------+-------+-------+-------+-------+-------+-------++-------
Melee: War axe           |   112 |   158 |   409 |   831 |   431 |       ||  1941
       Tailslap          |     7 |    17 |    57 |   127 |   259 |   321 ||   788
       Long sword        |       |       |       |       |   973 |  1517 ||  2490
Throw: Stone             |       |       |     4 |     4 |       |       ||     8
Invok: Upheaval          |       |       |       |     2 |    14 |    46 ||    62
       Elemental Force   |       |       |       |       |     9 |     1 ||    10
       Disaster Area     |       |       |       |       |     1 |     5 ||     6
 Abil: Rolling Charge    |     6 |     4 |    12 |     7 |    16 |    13 ||    58
       Evoke Flight      |       |       |       |     2 |     1 |     2 ||     5
       Stop Flying       |       |       |       |     1 |       |       ||     1
Evoke: Wand              |       |       |     3 |     5 |     5 |     1 ||    14
  Use: Potion            |       |     1 |       |     5 |    11 |    12 ||    29
       Scroll            |       |     9 |     6 |    14 |     5 |     6 ||    40
 Stab: Confused          |       |       |       |       |       |     2 ||     2
       Distracted        |       |       |       |       |       |     1 ||     1
Armor: Scale mail        |    67 |    71 |       |       |       |       ||   138
       Ring mail         |       |    13 |    91 |       |    31 |       ||   135
       Chain mail        |       |       |    41 |   215 |   260 |    57 ||   573
       Leather armour    |       |       |       |       |    38 |       ||    38
       Skin              |       |       |       |       |     3 |       ||     3
       Plate armour      |       |       |       |       |       |  1270 ||  1270
Dodge: Dodged            |    30 |    31 |    82 |   166 |   298 |   219 ||   826
       Repelled          |       |       |       |     2 |    19 |     4 ||    25
Block: Kite shield       |    63 |   107 |   344 |   841 |  1370 |       ||  2725
       Reflection        |       |     2 |    61 |    10 |    78 |    47 ||   198
       Tower shield      |       |       |       |       |   176 |  2458 ||  2634
       Rpst.: Long sword |       |       |       |       |    43 |    21 ||    64

Table legend:
 A = Non-vault XP
 B = Vault XP
 C = Vault XP percentage of total XP
 D = Non-vault monster count
 E = Vault monster count
 F = Vault count percentage of total count
                 A         B        C        D         E       F
            +---------+---------+-------+---------+---------+-------
      Total |  234220 |  124186 |  34.6 |     911 |     419 |  31.5
            +---------+---------+-------+---------+---------+-------
        D:1 |      28 |       0 |   0.0 |      18 |       0 |   0.0
        D:2 |      57 |       0 |   0.0 |      15 |       0 |   0.0
        D:3 |      62 |       0 |   0.0 |      24 |       0 |   0.0
        D:4 |     114 |     277 |  70.8 |      15 |       1 |   6.2
        D:5 |     631 |     390 |  38.2 |      22 |       5 |  18.5
        D:6 |     516 |     253 |  32.9 |      10 |       5 |  33.3
        D:7 |    1048 |      48 |   4.4 |      26 |       1 |   3.7
        D:8 |     803 |       0 |   0.0 |      20 |       0 |   0.0
        D:9 |    1202 |    1458 |  54.8 |      16 |       2 |  11.1
       D:10 |    3510 |    1654 |  32.0 |      39 |      27 |  40.9
       D:11 |    2419 |    4856 |  66.7 |      24 |       7 |  22.6
       D:12 |    6053 |    5355 |  46.9 |      32 |      19 |  37.3
       D:13 |   15652 |    5979 |  27.6 |      45 |       6 |  11.8
       D:14 |    9327 |   11666 |  55.6 |      33 |      20 |  37.7
       D:15 |   15136 |    5359 |  26.1 |      53 |       8 |  13.1
     Lair:1 |    9099 |       0 |   0.0 |      30 |       0 |   0.0
     Lair:2 |    2602 |     389 |  13.0 |      13 |       1 |   7.1
     Lair:3 |    7646 |    1080 |  12.4 |      26 |       6 |  18.8
     Lair:4 |   16925 |    3150 |  15.7 |      60 |      10 |  14.3
     Lair:5 |    4694 |    5925 |  55.8 |      17 |       9 |  34.6
     Lair:6 |    8618 |    8897 |  50.8 |      29 |      46 |  61.3
    Swamp:1 |   12474 |    3409 |  21.5 |      28 |       7 |  20.0
    Swamp:2 |   13785 |       0 |   0.0 |      29 |       0 |   0.0
    Swamp:3 |   24799 |   22568 |  47.6 |      61 |      21 |  25.6
    Swamp:4 |   18308 |    2823 |  13.4 |      36 |       8 |  18.2
   Spider:1 |    9959 |       0 |   0.0 |      26 |       0 |   0.0
   Spider:2 |   26662 |    5241 |  16.4 |      60 |       8 |  11.8
   Spider:3 |    6900 |    2168 |  23.9 |      20 |       8 |  28.6
   Spider:4 |    4733 |    3586 |  43.1 |      14 |       9 |  39.1
      Orc:1 |    7219 |    1711 |  19.2 |      38 |       3 |   7.3
      Orc:2 |    3239 |   14353 |  81.6 |      32 |      65 |  67.0
    Ossuary |       0 |     400 | 100.0 |       0 |      39 | 100.0
     Bailey |       0 |     559 | 100.0 |       0 |      15 | 100.0
      IceCv |       0 |    6440 | 100.0 |       0 |      54 | 100.0
   Gauntlet |       0 |    4192 | 100.0 |       0 |       9 | 100.0
            +---------+---------+-------+---------+---------+-------
